Map: King Sejong Station LE

Players

Jason - Winner!

  • Race: Terran Terran
  • League: Grandmaster
  • Spawn Location: 5:00

Rob

  • Race: Protoss Protoss
  • League: Grandmaster
  • Spawn Location: 11:00

VOD

Have the link to the VOD?

Description

Time

  • Played on: May 14, 2019, 12:27 p.m.
  • Length: 12:13
Show
View Real Time Build Order
Export as new Build Order

Jason Terran - Winner!

Build Orders: Gas First Reaper Expand 

Get SALT Encoding   

  12  0:00  SCV  
  13  0:12  SCV  
  14  0:17  Supply Depot  
  14  0:24  SCV  
  15  0:29  Refinery  
  15  0:39  SCV  
  16  0:44  Barracks  
  16  0:51  SCV  
  17  1:03  SCV  
  18  1:15  SCV  
  19  1:31  Reaper, Orbital Command  
  20  1:46  Command Center  
  20  1:57  Barracks  
  20  2:02  SCV  
  20  2:05  Barracks Reactor  
  21  2:14  SCV  
  22  2:16  Supply Depot  
  22  2:26  SCV  
  23  2:30  Factory  
  23  2:36  Refinery  
  23  2:38  SCV  
  23  2:43  Marine x2  
  26  2:45  Barracks Tech Lab  
  26  2:50  SCV  
  27  3:01  Marine x2  
  27  3:02  Orbital Command  
  29  3:06  Marine  
  29  3:11  Stimpack  
  29  3:12  SCV  
  31  3:21  Starport  
  31  3:22  Marine  
  31  3:24  Marine  
  32  3:27  Factory Reactor  
  32  3:30  Marine  
  32  3:33  SCV  
  34  3:35  SCV  
  34  3:39  Bunker  
  35  3:42  Marine  
  35  3:43  Marine  
  35  3:47  Supply Depot  
  37  3:51  SCV  
  37  3:52  SCV  
  37  3:53  Marine  
  40  4:00  Marine  
  40  4:01  Marine  
  42  4:03  SCV  
  42  4:06  Supply Depot  
  44  4:11  Marine  
  44  4:15  Medivac x2  
  48  4:18  SCV, Marine  
  48  4:24  Marine  
  48  4:28  SCV  
  48  4:29  Marine  
  53  4:31  Widow Mine  
  53  4:35  Marine  
  53  4:36  SCV  
  55  4:40  SCV, Supply Depot  
  55  4:42  Marine  
  57  4:47  Marine  
  57  4:50  Medivac x2  
  62  4:58  Supply Depot  
  62  5:01  Marine x2  
  62  5:02  SCV x2  
  62  5:05  Marine  
  67  5:12  Combat Shield, Widow Mine  
  67  5:14  SCV  
  70  5:19  SCV, Marine  
  71  5:26  SCV  
  71  5:28  Marine x2  
  68  5:35  Widow Mine  
  69  5:36  SCV  
  69  5:40  Marine  
  69  5:41  SCV, Command Center  
  72  5:46  Barracks  
  72  5:48  SCV  
  73  5:53  SCV, Marine  
  73  5:54  Refinery  
  75  5:57  Liberator  
  75  6:00  SCV  
  69  6:12  Marine  
  69  6:13  Marine x2  
  69  6:14  Widow Mine  
  69  6:17  SCV  
  78  6:22  SCV  
  77  6:28  Barracks  
  77  6:29  SCV, Barracks  
  78  6:33  Marine  
  77  6:44  Engineering Bay, Liberator  
  77  6:45  SCV, Engineering Bay  
  74  6:49  Medivac  
  74  6:52  Marine x3  
  74  6:53  SCV, Widow Mine  
  82  6:55  Orbital Command  
  81  7:02  Liberator  
  81  7:05  SCV  
  77  7:19  Marine  
  77  7:20  SCV  
  77  7:21  SCV, Marine x4  
  81  7:24  SCV  
  79  7:31  Refinery  
  79  7:36  Terran Infantry Weapons Level 1, Marine  
  76  7:38  Terran Infantry Armor Level 1  
  76  7:39  Marine x2  
  76  7:40  Orbital Command  
  76  7:42  SCV x2  
  78  7:45  Marine  
  78  7:46  Marauder  
  78  7:50  Barracks Tech Lab  
  81  7:51  Factory Tech Lab  
  81  7:54  SCV, Marine  
  81  7:56  Marine  
  81  7:58  SCV, Barracks x2  
  83  7:59  Marine  
  85  8:07  Marine  
  83  8:13  SCV x3  
  83  8:17  Supply Depot  
  83  8:18  Supply Depot  
  83  8:26  Marauder, Marine x2  
  83  8:27  Marauder, Marine  
  84  8:29  SCV  
  84  8:32  SCV  
  84  8:33  Medivac x2  
  93  8:38  SCV  
  93  8:41  SCV  
  94  8:44  SCV, Marine x3  
  94  8:45  Concussive Shells  
  94  8:47  Marauder  
  100  8:50  SCV  
  100  8:52  Barracks Tech Lab  
  100  8:53  SCV, Barracks Reactor  
  100  8:54  Armory  
  102  8:56  Armory  
  102  8:57  SCV, Missile Turret  
  102  8:58  Marine x2  
  102  9:02  SCV, Marine  
  104  9:08  Marauder  
  104  9:09  Sensor Tower  
  106  9:11  SCV x2  
  106  9:12  Marine  
  109  9:18  Marine x2  
  109  9:19  SCV, Supply Depot, Marauder  
  109  9:23  SCV  
  115  9:28  Marine x3  
  115  9:29  Marine  
  115  9:30  Marauder, Medivac x2  
  125  9:35  Refinery  
  125  9:36  Refinery  
  125  9:41  SCV x2, Marauder  
  125  9:43  SCV, Marine  
  119  9:46  Marine x3  
  119  9:47  Marauder  
  119  9:48  Terran Infantry Weapons Level 2  
  119  9:52  Terran Infantry Armor Level 2  
  124  9:53  SCV x2, Marine  
  124  9:54  Marine x2  
  124  9:55  SCV  
  130  10:01  Marine, Widow Mine  
  130  10:06  Ghost Academy  
  133  10:07  Supply Depot  
  133  10:08  Supply Depot  
  133  10:09  SCV, Marauder, Marine x2  
  134  10:15  Marine  
  134  10:16  Marauder, Marine x3  
  134  10:20  Marine  
  139  10:22  Widow Mine  
  139  10:26  Supply Depot  
  141  10:28  Marine x2  
  141  10:30  Marine  
  136  10:42  Marine  
  136  10:44  Marauder, Widow Mine, Marine x2  
  136  10:48  Marine  
  136  10:49  Marauder x2, Marine x2  
  149  10:50  Medivac x2  
  149  10:52  SCV x3  
  156  11:00  Marine  
  156  11:01  Marine  
  156  11:02  Marine  
  156  11:03  Barracks  
  156  11:04  Barracks  
  158  11:05  Widow Mine, Marine  
  158  11:06  Marine  
  154  11:12  Ghost  
  154  11:13  Ghost  
  154  11:16  Marine x2  
  154  11:18  Marine  
  160  11:19  SCV  
  160  11:20  Medivac  
  160  11:22  Medivac  
  160  11:23  Marine  
  165  11:31  Marauder  
  164  11:34  Marauder  
  164  11:35  Marine  
  164  11:36  Marine  
  164  11:38  Marine x2  
  151  11:41  Marine  
  151  11:42  Marauder x2  
  154  11:49  Factory Reactor  
  154  11:53  Marine  
  154  11:54  Missile Turret, Marine  
  157  11:55  Marine  
  157  11:56  Barracks Tech Lab  
Show
View Real Time Build Order
Export as new Build Order

Rob Protoss 

Build Orders: 1 Gate Expand, Oracle Opening, Blink Stalkers 

Get SALT Encoding   

  12  0:01  Probe  
  13  0:13  Probe  
  14  0:17  Pylon  
  14  0:24  Probe  
  15  0:32  Probe  
  15  0:36  Gateway  
  15  0:40  Probe  
  16  0:46  Assimilator  
  17  0:51  Probe  
  18  1:03  Probe  
  19  1:15  Probe  
  20  1:23  Nexus  
  20  1:32  Cybernetics Core  
  20  1:36  Probe  
  21  1:40  Assimilator  
  21  1:48  Probe  
  21  1:52  Pylon  
  22  2:00  Probe, Adept  
  23  2:10  Warp Gate  
  23  2:12  Probe  
  26  2:25  Probe  
  27  2:30  Stalker  
  27  2:36  Probe  
  30  2:38  Probe  
  31  2:46  Probe  
  31  2:47  Probe  
  31  2:48  Stargate  
  33  2:54  Probe  
  33  2:56  Probe  
  33  2:58  Shield Battery  
  33  3:03  Probe  
  33  3:04  Probe  
  37  3:14  Probe  
  37  3:16  Probe  
  39  3:21  Oracle  
  39  3:26  Probe, Gateway  
  40  3:28  Probe, Gateway  
  44  3:36  Twilight Council  
  44  3:39  Probe  
  44  3:41  Pylon  
  45  3:46  Assimilator  
  45  3:52  Probe  
  45  3:53  Blink  
  46  3:59  Probe  
  46  4:02  Forge  
  47  4:04  Probe  
  47  4:05  Stalker  
  47  4:08  Pylon  
  50  4:11  Probe  
  50  4:13  Pylon  
  51  4:27  Probe x2  
  51  4:31  Protoss Ground Weapons Level 1  
  53  4:32  Nexus  
  53  4:38  Stalker  
  55  4:42  Stalker  
  55  4:44  Stalker  
  59  4:46  Probe x2  
  61  4:58  Probe x2  
  61  4:59  Gateway x2  
  63  5:09  Stalker x2  
  63  5:11  Stalker  
  69  5:15  Probe  
  70  5:26  Probe  
  62  5:32  Pylon  
  62  5:37  Pylon  
  62  5:40  Gateway  
  62  5:41  Gateway  
  62  5:43  Probe x2  
  62  5:46  Charge  
  64  5:53  Stalker  
  64  5:55  Stalker x2  
  55  6:12  Stalker x2  
  51  6:25  Stalker x3  
  52  6:27  Probe x3  
  51  6:40  Pylon  
  39  6:53  Stalker  
  39  6:54  Stalker x3  
  39  6:56  Probe x2  
  39  7:00  Stalker  
  47  7:04  Probe  
  48  7:08  Probe x2  
  50  7:20  Probe  
  50  7:21  Probe  
  48  7:27  Probe  
  43  7:31  Probe x2  
  43  7:32  Stalker  
  43  7:33  Stalker x2  
  43  7:36  Probe  
  51  7:38  Stalker  
  51  7:39  Probe x2  
  56  7:44  Probe  
  57  7:54  Probe x3  
  60  8:02  Probe x3  
  57  8:27  Stalker  
  57  8:28  Stalker x5  
  57  8:29  Zealot  
  71  8:40  Probe x2  
  71  8:41  Probe  
  70  8:51  Stalker  
  70  8:52  Probe  
  70  8:53  Zealot x6  
  85  8:55  Probe, Pylon  
  85  9:02  Shield Battery  
  86  9:06  Protoss Ground Armor Level 1  
  88  9:10  Probe x2  
  88  9:14  Forge  
  88  9:15  Pylon  
  86  9:24  Zealot x3  
  86  9:26  Assimilator  
  86  9:27  Zealot  
  93  9:34  Zealot x2  
  86  9:50  Stalker x3  
  92  9:54  Probe x3  
  92  9:57  Sentry x2  
  92  9:58  Sentry  
  101  10:08  Stalker  
  101  10:11  Pylon  
  101  10:12  Pylon  
  101  10:22  Stalker x3  
  101  10:24  Probe  
  101  10:25  Probe  
  109  10:30  Probe  
  102  10:42  Stalker x4  
  98  10:50  Probe  
  98  10:51  Probe x2  
  98  10:55  Zealot, Templar Archives  
  103  11:01  Zealot  
  103  11:02  Zealot  
  103  11:03  Probe  
  92  11:19  Stalker x5  
  92  11:23  Stalker  
  102  11:26  Stalker  
  92  11:43  Stalker x5  
  102  11:50  Probe x3  
  105  11:55  Assimilator  
  105  12:00  Zealot x2  
  105  12:01  Assimilator  
  99  12:10  Zealot x5  
Tags
 
Add a new tag
Caveats
  • Supply blocks, unpowered buildings, or Contaminate may cause inaccurate times.
  • Supply counts are checked every 10 seconds.